 Dungeon Crawl Stone Soup version 0.30-a0-368-g86fb4627a9 (webtiles) character file.

Game seed: 201238578475143018

217 billz999 the Shooter (level 5, -2/48 HPs)
             Began as a Minotaur Hunter on Nov 18, 2022.
             Slain by Grinder (9 damage)
             ... while paralysed by Grinder
             ... on level 4 of the Dungeon.
             The game lasted 00:04:27 (2187 turns).

billz999 the Shooter (Minotaur Hunter)              Turns: 2187, Time: 00:04:28

Health: -2/48      AC:  5    Str: 17    XL:     5   Next: 61%
Magic:  4/4        EV:  2    Int:  6    God:
Gold:   187        SH:  0    Dex: 14    Spells: 4/4 levels left

rFire   . . .      SeeInvis .    a - +0 shortbow
rCold   . . .      Faith    .    (shield currently unavailable)
rNeg    . . .      Spirit   .    c - +0 leather armour
rPois   .          Reflect  .    (helmet restricted)
rElec   .          Harm     .    s - +1 cloak
rCorr   .          Rampage  .    (no gloves)
Will    .....                    (no boots)
Stlth   +.........               (no amulet)
HPRegen 0.28/turn                (no ring)
MPRegen 0.09/turn                (no ring)

@: paralysed
A: horns 2, retaliatory headbutt
a: no special abilities


You were on level 4 of the Dungeon.
You visited 1 branch of the dungeon, and saw 4 of its levels.

You collected 187 gold pieces.

Inventory:

Hand Weapons
 a - a +0 shortbow (weapon)
Missiles
 h - 4 javelins
Armour
 c - a +0 leather armour (worn)
 s - a +1 cloak (worn)
Jewellery
 e - an amulet of the acrobat
Scrolls
 b - 2 scrolls of immolation
 d - 6 scrolls of identify {unknown}
 f - 2 scrolls of teleportation {unknown}
 j - a scroll of amnesia
 l - 2 scrolls of enchant weapon {unknown}
 m - a scroll of noise {unknown}
 p - a scroll of enchant armour {unknown}
 q - a scroll of fear {unknown}
 r - 2 scrolls of vulnerability {unknown}
Potions
 g - a potion of degeneration {unknown}
 i - a potion of brilliance {unknown}
 k - a potion of curing
 n - a potion of might {unknown}
 o - a potion of invisibility {unknown}


   Skills:
 + Level 5.3 Fighting
 + Level 6.2 Ranged Weapons
 - Level 2.1 Dodging
 - Level 0.7 Stealth


You had 4 spell levels left.
You didn't know any spells.
Your spell library was empty.

Dungeon Overview and Level Annotations

Branches:
Dungeon (4/15)
 Temple: D:4-7

Altars:
Makhleb

Shops:
D:1 ?

Annotations:
D:4 Grinder


Innate Abilities, Weirdness & Mutations

You have a pair of horns on your head.
You reflexively headbutt those who attack you in melee.


Message History

You furiously retaliate!
You headbutt the quokka, but do no damage.
Grinder hits you!
You writhe in agony.
You shoot an arrow. The arrow hits Grinder.
Grinder is moderately wounded.
The quokka bites you but does no damage.
Grinder hits you.
You writhe in agony.
The quokka completely misses you. You furiously retaliate!
You headbutt the quokka. You shoot an arrow. The arrow closely misses Grinder.
The quokka bites you. Grinder misses you.
You shoot an arrow. The arrow hits Grinder.
Grinder is moderately wounded.
The quokka barely misses you. Grinder gestures at you.
Pain shoots through your body!
* * * LOW HITPOINT WARNING * * *
The quokka bites you but does no damage.
It was a potion of curing.
You feel better. Grinder barely misses you. The quokka bites you.
* * * LOW HITPOINT WARNING * * *
You feel better. Grinder hits you.
* * * LOW HITPOINT WARNING * * *
The quokka closely misses you.
Adjust (i)tems, (s)pells, or (a)bilities?
Huh?
Sorry, you're not good enough to have a special ability.
As you read the scroll labelled ROUBIC GEXIOCS, it crumbles to dust.
It is a scroll of amnesia.
You feel forgetful for a moment.
The quokka bites you but does no damage.
Grinder gestures at you.
You suddenly lose the ability to move!
The quokka bites you.
* * * LOW HITPOINT WARNING * * *
Grinder gestures at you.
You shrug off the repeated paralysis!
The quokka bites you.
* * * LOW HITPOINT WARNING * * *
Grinder hits you!
You die...

....... ....... .. .
##....... ..##. ..#
##>....... ....##
..##......... .....
........... ##...
#####.5....... .
#...###.....@r......
.####<..†....#..†#......
................##.....)
........................
†....##.##..###......##.
.....##.##.....###......
.....#.....###.# ##....
........#### #.# ...
.....#.## #. ..


You could see Grinder and a quokka.

Vanquished Creatures
  A scorpion (D:4)
  An orc priest (D:3)
  5 adders
  A worm (D:3)
  2 dart slugs
  11 orcs
  4 bats
  4 endoplasms
  5 giant cockroaches
  6 goblins
  6 hobgoblins
  4 kobolds
  2 quokkas
  4 ball pythons
  4 frilled lizards
  4 rats
64 creatures vanquished.

Notes
Turn   | Place    | Note
-------+----------+-------------------------------------------
     0 | D:1      | billz999 the Minotaur Hunter began the quest for the Orb.
     0 | D:1      | Reached XP level 1. HP: 18/18 MP: 0/0
    19 | D:1      | Found Efiuciz's Magic Scroll Emporium.
   248 | D:1      | Reached XP level 2. HP: 26/26 MP: 1/1
   858 | D:2      | Reached skill level 5 in Ranged Weapons
   858 | D:2      | Reached XP level 3. HP: 31/31 MP: 2/2
  1127 | D:2      | Found a burning altar of Makhleb.
  1309 | D:2      | Upgraded the game from 0.30-a0-365-ge7f957f1db to
                  | 0.30-a0-368-g86fb4627a9
  1356 | D:3      | Reached XP level 4. HP: 38/40 MP: 3/3
  1799 | D:3      | Reached XP level 5. HP: 47/47 MP: 4/4
  2056 | D:4      | Reached skill level 5 in Fighting
  2056 | D:4      | Reached skill level 6 in Ranged Weapons
  2172 | D:4      | Noticed Grinder
  2174 | D:4      | Paralysed by Grinder for 3 turns
  2185 | D:4      | Paralysed by Grinder for 3 turns
  2187 | D:4      | Slain by Grinder

Illustrated notes

Levels and vault maps discovered:
D:1:      minmay_arrival_jagged, layout_loops_corners, serial_shops,
          nicolae_diamond_shop
D:2:      layout_rooms, basic_altar
D:3:      layout_rooms
D:4:      layout_rooms, minmay_misc_feat_encased, roderic_roman_lattice,
          moated_statue, minmay_vboxes, uniq_grinder, uniq_natasha

Skill      XL: |  1  2  3  4  5 |
---------------+----------------+-----
Fighting       | 3 4 5 |  5.3
Ranged Weapons | 5 6 |  6.2
Dodging        | |  2.1
Stealth        | |  0.7

Action                   |  1- 3 |  4- 6 || total
-------------------------+-------+-------++-------
 Fire: Shortbow          |    97 |    96 ||   193
  Use: Potion            |       |     2 ||     2
       Scroll            |       |     1 ||     1
Armor: Leather armour    |     9 |    12 ||    21
Dodge: Dodged            |    28 |    29 ||    57

Table legend: (Time is in decaauts)
 A = Elapsed time spent in this place.
 B = Non-inter-level travel time spent in this place.
 C = Inter-level travel time spent in this place.
 D = Time resting spent in this place.
 E = Time spent auto-exploring this place.
 F = Levels seen in this place.
 G = Mean time per level.
                   A        B        C        D        E       F      G
               +--------+--------+--------+--------+--------+-----+--------+
         Total |   2239 |   2146 |     93 |    101 |   1674 |   4 |  559.8 |
       Dungeon |   2239 |   2146 |     93 |    101 |   1674 |   4 |  559.8 |
               +--------+--------+--------+--------+--------+-----+--------+

Top non-repeatable levels by time:
     D:1: 864 daAuts
     D:3: 665 daAuts
     D:2: 512 daAuts
     D:4: 196 daAuts
